 Dungeon Crawl Stone Soup version 0.27-a0-1144-g0b7d3b79db (webtiles) character file.

Game seed: 16125131922698556052

1593 freelancePsychic the Covert (level 9, -5/56 HPs)
             Began as a Kobold Delver on May 11, 2021.
             Was a Priest of Cheibriados.
             Slain by an orc warrior
             ... wielding a +0 glaive
              (7 damage)
             ... on level 6 of the Dungeon.
             The game lasted 00:10:38 (5470 turns).

freelancePsychic the Covert (Kobold Delver)         Turns: 5470, Time: 00:10:38

Health: -5/56      AC: 13    Str: 23 (24) XL:     9   Next: 15%
Magic:  9/9        EV: 17    Int: 20 (22) God:    Cheibriados [***...]
Gold:   298        SH:  0    Dex: 22 (24) Spells: 8/8 levels left

rFire    + . .     SeeInvis .   l - +0 rapier
rCold    . . .     Faith    .   (shield restricted)
rNeg     . . .     Spirit   .   q - +3 scale mail
rPois    .         Reflect  .   D - +0 helmet
rElec    .         Harm     .   d - +0 cloak
rCorr    .         Rampage  .   H - +0 pair of gloves
Will     .....                  p - +0 pair of boots
Stlth    +++++.....             (no amulet)
HPRegen  0.18/turn              m - ring of protection from fire
MPRegen  0.11/turn              r - +6 ring of strength

@: studying Necromancy, very slow
A: small, no large weapons, nightstalker 3
a: Renounce Religion, Bend Time, Temporal Distortion


You were on level 6 of the Dungeon.
You worshipped Cheibriados.
Cheibriados was most pleased with you.
You visited 1 branch of the dungeon, and saw 6 of its levels.

You collected 298 gold pieces.

Inventory:

Hand Weapons
 i - a +2 vorpal spear
 l - a +0 rapier (weapon)
 v - a +0 scimitar
Missiles
 k - 85 sling bullets
 y - a throwing net (quivered)
Armour
 d - a +0 cloak (worn)
 p - a +0 pair of boots (worn)
 q - a +3 scale mail (worn)
 D - a +0 helmet (worn)
 H - a +0 pair of gloves (worn)
Magical Staves
 o - a staff of death
Jewellery
 m - a ring of protection from fire (left hand)
 r - a +6 ring of strength (right hand)
 w - a ring of protection from cold
Wands
 g - a wand of digging (3)
Scrolls
 b - a scroll of noise
 c - 2 scrolls of fog
 e - 2 scrolls of teleportation {@r4}
 h - a scroll of brand weapon {unknown}
 n - a scroll of fear
 s - 2 scrolls of enchant weapon
 u - a scroll of enchant armour
 F - 2 scrolls of vulnerability
Potions
 a - a potion of attraction
 f - 2 potions of haste {@q3}
 j - 2 potions of resistance
 t - 2 potions of curing {unknown}
 x - a potion of cancellation
 z - 2 potions of heal wounds {unknown}
 A - a potion of magic {unknown}
 B - a potion of lignification {unknown}
 C - a potion of brilliance {unknown}
 E - a potion of ambrosia {unknown}
 G - a potion of flight {unknown}
 I - a potion of degeneration


   Skills:
 + Level 6.5 Fighting
 - Level 8.0 Short Blades
 * Level 6.7 Dodging
 + Level 10.3 Stealth


You had 8 spell levels left.
You didn't know any spells.
Your spell library was empty.

Dungeon Overview and Level Annotations

Branches:
Dungeon (6/15)             Temple (0/1) D:4

Altars:
Cheibriados
Okawaru
Yredelemnul


Innate Abilities, Weirdness & Mutations

You are small and have problems with some larger weapons.
You are completely attuned to the shadows.


Message History

Cheibriados appreciates the change of pace.
An orc comes into view. It is wielding a +0 short sword.
The orc warrior misses you.
The orc warrior hits you with a +0 glaive!
You are too injured to fight recklessly!
You are too injured to fight recklessly!
You are too injured to fight recklessly!
You are too injured to fight recklessly!
You are too injured to fight recklessly!
You are too injured to fight recklessly!
You are too injured to fight recklessly!
You are too injured to fight recklessly!
You are too injured to fight recklessly!
You are too injured to fight recklessly!
You are too injured to fight recklessly!
You are too injured to fight recklessly!
You are too injured to fight recklessly!
You are too injured to fight recklessly!
You are too injured to fight recklessly!
You are too injured to fight recklessly!
You are too injured to fight recklessly!
You are too injured to fight recklessly!
You are too injured to fight recklessly!
You are too injured to fight recklessly!
You are too injured to fight recklessly!
You are too injured to fight recklessly!
The orc warrior hits you from afar with a +0 glaive!
An orc comes into view. It is wielding a +0 falchion.
The orc warrior hits you but does no damage.
The orc warrior hits you from afar with a +0 glaive!
* * * LOW HITPOINT WARNING * * *
The orc barely misses you.
The orc warrior hits you from afar with a +0 glaive!
* * * LOW HITPOINT WARNING * * *
It was a potion of degeneration.
There was something very wrong with that liquid.
You feel weakened.
You feel dopey.
You feel clumsy. The orc completely misses you.
The orc warrior hits you from afar with a +0 glaive!
You die...

.............
#.#
#############
#.# # #.# #
#.# # #.# #.#
# .$. #.# #
.# #.# #.# #
.... #.# #.#
#
....##@###.#
#####
.!...oo....#
.....
...?.o.#####
#####.
...).###
...... #....#
.##### #....#
## #....# #
##o.## ..#
#..


You could see an orc warrior and 2 orcs.

Vanquished Creatures
  Sigmund (D:4)
  Menkaure (D:4)
  A black bear (D:4)
  2 ogres
  A phantom (D:6)
  Blork the orc (D:6)
  3 scorpions (D:5)
  A water moccasin skeleton (D:3)
  2 water moccasin zombies (D:5)
  A howler monkey (D:5)
  4 bullfrog zombies
  A bullfrog skeleton (D:6)
  Crazy Yiuf (D:2)
  A jelly (D:5)
  A centaur skeleton (D:5)
  An orc priest (D:6)
  2 iguanas
  Robin (D:3)
  6 adders
  4 gnolls (D:6)
  An ufetubus (D:5)
  2 worms
  2 dart slugs
  12 orcs
  7 endoplasms
  3 giant cockroaches
  8 goblins
  7 hobgoblins
  A jackal (D:5)
  3 quokkas
  7 ball pythons
  4 bats
  3 frilled lizards
  3 kobolds
  11 rats
110 creatures vanquished.

Notes
Turn   | Place    | Note
-------+----------+-------------------------------------------
     0 | D:5      | freelancePsychic the Kobold Delver began the quest for the
                  | Orb.
     0 | D:5      | Reached XP level 1. HP: 14/14 MP: 1/1
     8 | D:5      | Noticed a scorpion
    12 | D:5      | Killed a scorpion
    13 | D:5      | Reached skill level 7 in Stealth
    13 | D:5      | Reached XP level 2. HP: 19/19 MP: 2/2
    13 | D:5      | Reached XP level 3. HP: 23/23 MP: 3/3
    13 | D:5      | Reached XP level 4. HP: 28/28 MP: 4/4
    38 | D:4      | Noticed an ogre
    41 | D:4      | Reached skill level 5 in Short Blades
   157 | D:4      | Reached XP level 5. HP: 25/32 MP: 5/5
   242 | D:3      | Found a snail-covered altar of Cheibriados.
   261 | D:3      | Became a worshipper of Cheibriados the Contemplative
  1087 | D:2      | Found a basalt altar of Yredelemnul.
  1263 | D:2      | Found a runed translucent door.
  1266 | D:2      | Noticed Crazy Yiuf
  1276 | D:2      | Killed Crazy Yiuf
  1276 | D:2      | Reached * piety under Cheibriados
  1277 | D:2      | Reached XP level 6. HP: 14/37 MP: 6/6
  2404 | D:1      | Reached ** piety under Cheibriados
  2588 | D:3      | Noticed Robin
  2592 | D:3      | Killed Robin
  3175 | D:4      | Noticed a black bear
  3178 | D:4      | Killed a black bear
  3179 | D:4      | Reached XP level 7. HP: 42/42 MP: 7/7
  3242 | D:4      | Noticed Menkaure
  3255 | D:4      | Killed Menkaure
  3256 | D:4      | Reached skill level 8 in Stealth
  3581 | D:4      | Noticed Sigmund
  3592 | D:4      | Killed Sigmund
  3593 | D:4      | Reached XP level 8. HP: 33/48 MP: 8/8
  3770 | D:4      | Found an iron altar of Okawaru.
  3907 | D:4      | Found a staircase to the Ecumenical Temple.
  4227 | D:5      | Reached *** piety under Cheibriados
  4228 | D:5      | Reached skill level 5 in Fighting
  4266 | D:5      | Reached skill level 9 in Stealth
  4335 | D:5      | Reached skill level 5 in Dodging
  5224 | D:6      | Reached skill level 10 in Stealth
  5241 | D:6      | Reached XP level 9. HP: 55/55 MP: 9/9
  5362 | D:6      | Noticed Blork the orc
  5366 | D:6      | Killed Blork the orc
  5469 | D:6      | HP: 2/56 [orc warrior/+0 glaive (11)]
  5470 | D:6      | Slain by an orc warrior

Illustrated notes

Levels and vault maps discovered:
D:1:      dpeg_arrival_arbitrary_c, layout_basic
D:2:      layout_rooms, basic_altar, uniq_crazy_yiuf_cottage
D:3:      layout_loops_ring, cheibriados_altar_1, uniq_robin
D:4:      layout_loops_ring, lemuel_doored_altar, temple_fountains,
          minmay_misc_feat_x, uniq_sigmund, uniq_menkaure
D:5:      layout_basic, minmay_manual_monolith
D:6:      layout_loops_ring, uniq_grinder, uniq_blork_the_orc, uniq_maggie

Skill      XL: |  1  2  3  4  5  6  7  8 |
---------------+-------------------------+-----
Short Blades   | 4 5 7 8 |  8.0
Stealth        | 7 8 10 | 10.3
Dodging        | 3 4 6 |  6.7
Fighting       | 4 6 |  6.5

Action                   |  1- 3 |  4- 6 |  7- 9 || total
-------------------------+-------+-------+-------++-------
Melee: Short sword       |     1 |    34 |       ||    35
       Rapier            |       |   109 |   157 ||   266
Invok: Bend Time         |       |       |     1 ||     1
  Use: Scroll            |       |     6 |     3 ||     9
       Potion            |       |       |     2 ||     2
 Stab: Sleeping          |     1 |    35 |    13 ||    49
Armor: Leather armour    |       |     5 |       ||     5
       Scale mail        |       |    30 |    42 ||    72
Dodge: Dodged            |       |    51 |    91 ||   142

Table legend: (Time is in decaauts)
 A = Elapsed time spent in this place.
 B = Non-inter-level travel time spent in this place.
 C = Inter-level travel time spent in this place.
 D = Time resting spent in this place.
 E = Time spent auto-exploring this place.
 F = Levels seen in this place.
 G = Mean time per level.
                   A        B        C        D        E       F      G
               +--------+--------+--------+--------+--------+-----+--------+
         Total |   7041 |   6861 |    180 |    383 |   5577 |   6 | 1173.5 |
       Dungeon |   7041 |   6861 |    180 |    383 |   5577 |   6 | 1173.5 |
               +--------+--------+--------+--------+--------+-----+--------+

Top non-repeatable levels by time:
     D:4: 1598 daAuts
     D:5: 1324 daAuts
     D:3: 1295 daAuts
     D:2: 1285 daAuts
     D:1: 1134 daAuts
     D:6: 403 daAuts
